 Dungeon Sprint DCSS version 0.31.0-11-ge490571c62 (webtiles) character file.

Game seed: 12494550404563848294

6 DiggyJ the Trooper (level 1, 0/15 HPs)
             Began as a Gargoyle Monk on Jan 31, 2024.
             Slain by an iguana (2 damage)
             ... in the Dungeon (Sprint IX: "|||||||||||||||||||||||||||||").
             The game lasted 00:00:16 (60 turns).

DiggyJ the Trooper (Gargoyle Monk)                    Turns: 60, Time: 00:00:16

Health: 0/15       AC:  4    Str: 14    XL:     1   Next: 90%
Magic:  1/1        EV: 12    Int: 10    God:
Gold:   0          SH:  0    Dex: 12    Spells: 0/0 levels left

rFire   . .          .
                       - Unarmed
rCold   . . .        c - orb {light}
rNeg    + . .        a - +0 robe
rPois   ∞            (no helmet)
rElec   +            (no cloak)
rCorr   .            (no gloves)
SInv    .            (no boots)
Will    .....        (no amulet)
Stlth   +            (no ring)
HPRegen 0.22/turn    (no ring)
MPRegen 0.07/turn

%: no teleportation
@: glowing
A: sickness immunity, AC +2, negative energy resistance 1, electricity
resistance, torment resistance 1, petrification resistance
a: no special abilities


You were in the Dungeon.
You visited 1 branch

Inventory:

Armour
 a - a +0 robe (worn)
 c - an orb of light (worn)
Scrolls
 i - a scroll of blinking
Potions
 b - a potion of ambrosia
 d - a potion of curing
 e - a potion of heal wounds
 f - a potion of haste
 g - 2 potions of magic
 h - a potion of berserk rage


   Skills:
 + Level 4.0 Fighting
 + Level 3.0 Dodging
 + Level 3.6 Unarmed Combat


You couldn't memorise any spells.
You didn't know any spells.
Your spell library was empty.

Dungeon Overview and Level Annotations

Branches:
Dungeon (1/1)

Altars:


Innate Abilities, Weirdness & Mutations

You are immune to sickness and miasma.
Your stone body is resilient. (AC +2)
You are immune to poison.
You resist negative energy. (rN+)
You are resistant to electric shocks. (rElec)
You are resistant to unholy torment.
You are immune to petrification.


Message History

You completely miss the goblin. The goblin barely misses you.
You hit the goblin.
You kill the goblin!
Your Dodging skill increases to level 3!
There is an open door to the Dungeon here.
Items here: ) †††.
There is an open door to the Dungeon here.
Items here: ) †††.
There is a staircase leading out of the dungeon here.
There is an open door to the Dungeon here.
Items here: ) †††.
There is an open door to the Dungeon here.
Items here: ) †††.
There is a staircase leading out of the dungeon here.
There is an open door to the Dungeon here.
Items here: ) †††.
You open the door.
A bombardier beetle, 2 iguanas and 2 orcs come into view.
The iguana hisses angrily. x2; The orc shouts! x2
You completely miss the iguana.
The iguana bites you but does no damage.
You hit the iguana.
The iguana is lightly wounded.
The iguana barely misses you.
You hit the iguana.
The iguana is heavily wounded.
The iguana bites you!
Ouch! That really hurt!
* * * LOW HITPOINT WARNING * * *
You barely miss the iguana.
The iguana is heavily wounded.
The iguana bites you.
* * * LOW HITPOINT WARNING * * *
You hit the iguana.
The iguana is severely wounded.
The iguana bites you but does no damage.
You barely miss the iguana.
The iguana is severely wounded.
The iguana bites you.
You die...

▓.▓
▓.▓
▓.▓
▓)▓
▓.▓
▓.▓
▓.▓
▓.▓
▓@▓
▓l▓
▓B▓
▓l▓
▓o▓
▓o▓
▓.▓
▓+▓


You could see a bombardier beetle, 2 iguanas and 2 orcs.

Vanquished Creatures
  A bat (D)
  A giant cockroach (D)
  A jackal (D)
  A quokka (D)
  A goblin (D)
5 creatures vanquished.

Notes
Turn   | Place    | Note
-------+----------+-------------------------------------------
     0 | D        | DiggyJ the Gargoyle Monk began the quest for the Orb.
     0 | D        | Reached XP level 1. HP: 14/14 MP: 1/1
    22 | D        | Reached skill level 4 in Fighting
    54 | D        | Noticed an iguana
    54 | D        | Noticed a bombardier beetle
    54 | D        | Noticed an iguana
    60 | D        | Slain by an iguana

Illustrated notes

Levels and vault maps discovered:
D:        linesprint [early_d, line_temple, items_1, d_10, items_2, lair_1,
          lair_end, items_3, orc_1, orc_end, items_4, d_15, swamp_1, shoals_1,
          snake_1, spider_1, d_20, vaults_1, items_5, swamp_end, shoals_end,
          snake_end, spider_end, vaults_end, d_27, items_6, zot_1, zot_end,
          crypt_end, forest_end, elf_end, slime_end, tomb_end, abyss_end,
          pan_hell_end]

Skill      XL: |  1 |
---------------+----+-----
Fighting       | 4 |  4.0
Dodging        | 3 |  3.0
Unarmed Combat | |  3.6

Action                     || total
---------------------------++-------
  Melee: Unarmed           ||    26
 Armour: Robe              ||    17
  Dodge: Dodged            ||    10
